 Dungeon Crawl Stone Soup version 0.27.1-35-g4d5d836560 (webtiles) character file.

Game seed: 965663375645527077

3540 Froggeryz the Slicer (level 10, 0/68 (73) HPs)
             Began as an Octopode Berserker on Jan 5, 2023.
             Was an Elder of Trog.
             Slain by a wight (1 damage)
             ... on level 6 of the Dungeon.
             The game lasted 00:07:50 (8266 turns).

Froggeryz the Slicer (Octopode Berserker)           Turns: 8266, Time: 00:07:51

HP:   0/68 (73)     AC:  1    Str: 17    XL:     10   Next: 8%
MP:   10/10         EV: 14    Int: 15    God:    Trog [****..]
Gold: 327           SH:  0    Dex: 15    Spells: 9/9 levels left

rFire    . . .     SeeInvis .   j - +4 short sword
rCold    . . .     Faith    .   (no shield)
rNeg     + . .     Spirit   .   (helmet restricted)
rPois    .         Reflect  .   (no amulet)
rElec    .         Harm     .   k - +6 ring of intelligence
rCorr    .         Rampage  .   m - ring of willpower
Will     +....                  s - ring of positive energy
Stlth    ++........             (no ring)
HPRegen  0.21/turn              (no ring)
MPRegen  0.12/turn              (no ring)
                                (no ring)
                                (no ring)

@: studying Shields, drained
A: almost no armour, amphibious, 8 rings, camouflage 1, gelatinous body 1,
(nimble swimmer 1), tentacles
a: Renounce Religion, Berserk, Trog's Hand, Brothers in Arms


You were on level 6 of the Dungeon.
You worshipped Trog.
Trog was greatly pleased with you.
You visited 1 branch of the dungeon, and saw 6 of its levels.
You also visited: Ossuary.

You collected 327 gold pieces.

Inventory:

Hand Weapons
 j - a +4 short sword (weapon)
Missiles
 h - 4 boomerangs
 q - 22 poisoned darts (quivered)
Jewellery
 k - a +6 ring of intelligence (left tentacle)
 m - a ring of willpower (right tentacle)
 s - a ring of positive energy (on tentacle)
Wands
 d - a wand of acid (7)
Scrolls
 a - a scroll of fog
 c - a scroll of magic mapping {unknown}
 g - 3 scrolls of fear
 i - a scroll of teleportation {unknown}
 n - a scroll of brand weapon {unknown}
 r - a scroll of summoning
 u - a scroll of identify
 v - a scroll of immolation
Potions
 b - a potion of resistance
 e - 3 potions of heal wounds {unknown}
 f - 5 potions of curing
 l - 2 potions of haste {unknown}
 o - a potion of lignification {unknown}
 p - a potion of magic {unknown}
 t - 2 potions of cancellation {unknown}


   Skills:
 + Level 8.5 Fighting
 + Level 10.7 Short Blades
 + Level 4.8 Throwing
 - Level 3.0 Dodging
 + Level 2.5 Shields


You had 9 spell levels left.
You didn't know any spells.
Your spell library was empty.

Dungeon Overview and Level Annotations

Branches:
Dungeon (6/15)             Temple (0/1) D:4         Ossuary (visited)

Altars:
Fedhas
Okawaru
Ru
Uskayaw


Innate Abilities, Weirdness & Mutations

You cannot wear most types of armour.
You are amphibious.
You can wear up to eight rings at the same time.
Your skin changes colour to match your surroundings (Stealth+).
Your rubbery body absorbs attacks. (AC +1, EV +1)
((You are camouflaged near water. (Stealth+)))
You have tentacles for arms and can constrict up to eight enemies at once.


Message History

You puncture the wight!
You destroy the wight!
Trog accepts your kill. The wight closely misses you.
You puncture the wight! You grab the wight. You squeeze the wight.
The wight is severely damaged.
You constrict the wight.
The wight hits you with a +0 dire flail!
You partially resist.
You feel drained. The wight barely misses you.
The wight hits you from afar with a +0 halberd!
You are too injured to fight recklessly!
You are too injured to fight recklessly!
You are too injured to fight recklessly!
You are too injured to fight recklessly!
You are too injured to fight recklessly!
You are too injured to fight recklessly!
You hit the wight but do no damage. You squeeze the wight.
You destroy the wight!
Trog accepts your kill.
As you close the door, it creaks loudly!
A wight opens the door.
You hit the wight. Your grab misses the wight.
The wight is moderately damaged.
The wight misses you. The wight hits you with a +0 halberd!
You partially resist.
You feel drained.
You hit the wight but do no damage. You grab the wight.
The wight is moderately damaged.
You constrict the wight. You hit the wight but do no damage.
The wight is moderately damaged.
You constrict the wight, but do no damage.
The wight hits you from afar with a +2 spear!
* * * LOW HITPOINT WARNING * * *
You partially resist.
You feel drained. The wight hits you with a +0 halberd!
* * * LOW HITPOINT WARNING * * *
You release your grip on the wight.
The wight hits you from afar with a +0 halberd!
* * * LOW HITPOINT WARNING * * *
You partially resist.
You feel drained.
You die...

.....# #............. .....#
#............. .....##
#............. ###...#
#............. ....###
#####............. ....#
#######...#............. ....#
#...)z....#.........†... ....#
#...)#....#.............
..[.#######...#.@..#.............
.....#...#######...#.............
....:#...##...##...#.............
.....'........##[..#.............
.....#........##...#.............
...).#.............#.............
.....#.............#.............
.....######........'.............
.....#...##...##'###.............


You could see a wight.

Vanquished Creatures
  A two-headed ogre (D:5)
  A kobold demonologist (D:5)
  Sigmund (D:5)
  A water moccasin (D:5)
  A necrophage (D:5)
  An ogre (D:5)
  A centaur (D:4)
  2 phantoms
  14 scorpions
  2 wights (D:6)
  A bullfrog zombie (D:5)
  2 centaur zombies (Ossuary)
  3 hounds
  3 human zombies (Ossuary)
  2 gnoll shamans
  A centaur skeleton (D:5)
  3 bullfrog skeletons
  4 iguanas
  3 scorpion zombies (Ossuary)
  2 orc wizards (D:5)
  A hound skeleton (D:5)
  3 hound zombies (D:5)
  3 mummies (Ossuary)
  12 adders
  6 gnolls (D:6)
  A white imp (D:6)
  An ufetubus (D:4)
  An adder skeleton (D:4)
  5 worms
  3 dart slugs
  15 orcs
  6 endoplasms
  5 giant cockroaches
  A gnoll zombie (Ossuary)
  3 goblins
  7 hobgoblins
  7 quokkas
  4 ball pythons
  6 bats
  2 frilled lizards
  2 goblin zombies (Ossuary)
  6 kobolds
  A kobold zombie (Ossuary)
  3 orc zombies (Ossuary)
  16 rats
169 creatures vanquished.

Notes
Turn   | Place    | Note
-------+----------+-------------------------------------------
     0 | D:1      | Froggeryz the Octopode Berserker began the quest for the
                  | Orb.
     0 | D:1      | Reached XP level 1. HP: 16/16 MP: 1/1
   101 | D:1      | Reached XP level 2. HP: 21/21 MP: 2/2
   855 | D:1      | Reached XP level 3. HP: 26/26 MP: 3/3
  1227 | D:2      | Reached ** piety under Trog
  1228 | D:2      | Reached skill level 4 in Short Blades
  2344 | D:3      | Found a sacrificial altar of Ru.
  2360 | D:3      | Reached XP level 4. HP: 32/32 MP: 4/4
  3433 | D:3      | Reached XP level 5. HP: 34/37 MP: 5/5
  3436 | D:3      | Reached *** piety under Trog
  3567 | D:4      | Found an iron altar of Okawaru.
  3605 | D:4      | Noticed a centaur
  3613 | D:4      | HP: 1/55 [centaur/arrow (3)]
  3615 | D:4      | Killed a centaur
  3616 | D:4      | Reached skill level 5 in Short Blades
  3895 | D:4      | Reached XP level 6. HP: 38/44 MP: 6/6
  4224 | D:4      | Reached skill level 6 in Short Blades
  4312 | D:4      | Found a hide-covered altar of Uskayaw.
  4485 | D:4      | Found a staircase to the Ecumenical Temple.
  4766 | D:5      | Entered Level 5 of the Dungeon
  4781 | D:5      | Noticed a water moccasin
  4789 | D:5      | Killed a water moccasin
  4790 | D:5      | Reached skill level 5 in Fighting
  4790 | D:5      | Reached XP level 7. HP: 50/50 MP: 7/7
  4846 | D:5      | Noticed a two-headed ogre
  4885 | D:5      | Killed a two-headed ogre
  4886 | D:5      | Reached skill level 8 in Short Blades
  4886 | D:5      | Reached XP level 8. HP: 58/58 MP: 8/8
  5189 | D:5      | Noticed Sigmund
  5202 | D:5      | Killed Sigmund
  5203 | D:5      | Reached skill level 9 in Short Blades
  5270 | D:5      | Noticed a kobold demonologist
  5288 | D:5      | Reached skill level 1 in Throwing
  5309 | D:5      | Reached XP level 9. HP: 20/64 MP: 9/9
  5314 | D:5      | Killed a kobold demonologist
  5676 | D:5      | Reached skill level 10 in Short Blades
  5961 | D:5      | Found a blossoming altar of Fedhas.
  6202 | D:6      | Found a sand-covered staircase.
  6210 | Ossuary  | Entered an ossuary
  6900 | Ossuary  | Reached **** piety under Trog
  7316 | D:6      | Identified a scroll of acquirement
  7318 | D:6      | Acquired a manual of Shields
  7658 | D:5      | Reached skill level 1 in Shields
  7760 | D:6      | Reached XP level 10. HP: 72/72 MP: 10/10
  8266 | D:6      | HP: 1/69 [wight (7)]
  8266 | D:6      | Slain by a wight

Illustrated notes

Levels and vault maps discovered:
D:1:      matt_arrival_diagonals, layout_basic
D:2:      layout_rooms, serial_co_window_serial, co_window_paths_a,
          co_window_paths_b, co_window_paths_a, co_window_corner_a,
          co_window_paths_a, co_window_paths_b, co_window_paths_a,
          co_window_corner_a, co_window_corner_a, co_window_of_opportunity_c,
          co_window_broadway_b, co_window_corner_b, co_window_of_opportunity_b,
          co_window_unsneaky_path_b, co_window_broadway_a, co_window_paths_c,
          glass_columns_a, guppyfry_early_lair_pool
D:3:      minmay_razor_zed, layout_rooms, nicolae_ru_sacrificial_ziggurat,
          minivault_5
D:4:      layout_loops_ring, okawaru_gym_becter, mainiacjoe_overflow_alcove_2,
          lemuel_temple_firewalk_b
D:5:      layout_basic, mainiacjoe_overflow_alcove_1, st_stairs_3,
          minmay_divided_ellipse, uniq_sigmund
D:6:      layout_gridville, lightli_ossuary_entry_decrepit_ruins

Skill      XL: |  1  2  3  4  5  6  7  8  9 10 |
---------------+-------------------------------+-----
Short Blades   | 4 5 6 8 9 10 | 10.7
Fighting       | 4 5 6 7 8 |  8.5
Throwing       | 1 4 |  4.8
Shields        | 1 2 |  2.5
Dodging        | |  3.0

Action                   |  1- 3 |  4- 6 |  7- 9 | 10-12 || total
-------------------------+-------+-------+-------+-------++-------
Melee: Short sword       |    84 |    80 |   234 |    32 ||   430
       Constrict         |    22 |    22 |    50 |    12 ||   106
       Tentacles         |    18 |    20 |    60 |     9 ||   107
Throw: Boomerang         |       |     2 |       |       ||     2
Invok: Berserk           |       |     2 |     2 |     1 ||     5
       Trog's Hand       |       |     1 |     2 |       ||     3
  Use: Potion            |       |     2 |       |       ||     2
       Scroll            |       |       |    10 |       ||    10
 Stab: Sleeping          |     8 |     8 |    11 |       ||    27
Armor: Skin              |     3 |     5 |    10 |       ||    18
Dodge: Dodged            |    44 |    41 |   129 |    21 ||   235
